 Dungeon Crawl Stone Soup version 0.25.0-1-g7eea58d2a3 (webtiles) character file.

Game seed: 11798400133967167069

183485 MDvedh the Executioner (level 17, -9/156 HPs)
             Began as a Minotaur Berserker on June 13, 2020.
             Was the Champion of Trog.
             Mangled by an anaconda (13 damage)
             ... on level 3 of the Snake Pit.
             The game lasted 00:34:31 (26392 turns).

MDvedh the Executioner (Minotaur Berserker)        Turns: 26392, Time: 00:34:31

Health: -9/156     AC: 27    Str: 29    XL:     17   Next: 37%
Magic:  14/14      EV: 14    Int:  9    God:    Trog [******]
Gold:   1312       SH:  0    Dex: 10    Spells: 16/16 levels left

rFire    + + +     SeeInvis +   h - +6 broad axe (flame)
rCold    . . .     Gourm    .   (no shield)
rNeg     . . .     Faith    .   O - +7 fire dragon scales "Wiuwk" {rPois rF++ rC-}
rPois    +         Spirit   .   (helmet restricted)
rElec    .         Reflect  .   b - +0 cloak
rCorr    .         Harm     .   s - +2 pair of gloves
MR       +....                  L - +0 pair of boots {run}
Stlth    ..........             q - amulet of the Good {Acrobat rPois Int+3 SInv}
HPRegen  0.36/turn              Q - +4 ring of slaying
MPRegen  0.14/turn              y - ring of Joy {rF++ rC+ Int+2 Dex-2}

@: constricted, quick
A: retaliatory headbutt, horns 2, fire resistance 1, low mp 1, strong 1
}: 1/15 runes: decaying
a: Berserk, Trog's Hand, Brothers in Arms, Renounce Religion


You were on level 3 of the Snake Pit.
You worshipped Trog.
Trog was exalted by your worship.
You were not hungry.

You visited 5 branches of the dungeon, and saw 30 of its levels.
You also visited: Bailey and Gauntlet.

You collected 3043 gold pieces.
You spent 1731 gold pieces at shops.

Inventory:

Hand Weapons
 a - a +0 hand axe
 h - a +6 broad axe of flaming (weapon)
 i - the +10 executioner's axe "Qayraiwo" {freeze, rC+ Str+4}
   (You acquired it on level 2 of the Lair of Beasts)

   It has been specially enchanted to freeze those struck by it, causing extra
   injury to most foes and up to half again as much damage against particularly
   susceptible opponents.
   It can also slow down cold-blooded creatures.
   It affects your strength (+4).
   It protects you from cold.
 r - a +1 broad axe of freezing
Armour
 b - a +0 cloak (worn)
 s - a +2 pair of gloves (worn)
 C - the cursed +0 pair of gloves of Insurance {rCorr}
   (You found it in a Gauntlet)

   It provides partial protection from all sources of acid and corrosion.
   It has a curse placed upon it.
 L - a +0 pair of boots of running (worn)
 O - the +7 fire dragon scales "Wiuwk" (worn) {rPois rF++ rC-}
   (You found it in a bailey)

   It greatly protects you from fire.
   It makes you vulnerable to cold.
   It protects you from poison.
Jewellery
 q - the amulet of the Good (around neck) {Acrobat rPois Int+3 SInv}
   (You acquired it on level 2 of the Lair of Beasts)

   [amulet of the acrobat]

   It helps you evade while moving and waiting.
   It affects your intelligence (+3).
   It protects you from poison.
   It lets you see invisible.
 x - an uncursed amulet of regeneration
 y - the ring of Joy (right hand) {rF++ rC+ Int+2 Dex-2}
   (You acquired it on level 9 of the Dungeon)

   [ring of protection from cold]

   It affects your intelligence (+2).
   It affects your dexterity (-2).
   It greatly protects you from fire.
   It protects you from cold.
 P - an uncursed ring of flight
 Q - a +4 ring of slaying (left hand)
 X - an uncursed amulet of the acrobat
Wands
 f - a wand of paralysis (29)
 t - a wand of iceblast (30)
 w - a wand of flame (82)
 z - a wand of enslavement (7)
 A - a wand of disintegration (16)
 D - a wand of random effects (43)
 S - a wand of polymorph (19)
 V - a wand of digging (7)
 W - a wand of acid (9)
Scrolls
 g - 7 scrolls of identify
 l - 19 scrolls of remove curse
 o - 3 scrolls of fear
 p - 5 scrolls of enchant armour
 B - 2 scrolls of magic mapping
 F - 2 scrolls of blinking
 G - 5 scrolls of teleportation
 I - 2 scrolls of fog
 J - a scroll of silence
 N - a scroll of vulnerability
 R - 2 scrolls of enchant weapon
 Y - 2 scrolls of holy word
Potions
 d - 2 potions of flight
 e - 2 potions of resistance
 j - 4 potions of stabbing
 k - 5 potions of mutation
 m - 6 potions of haste
 n - a potion of brilliance
 u - a potion of might
 v - 8 potions of curing
 E - 4 potions of lignification
 H - a potion of degeneration
 K - 3 potions of heal wounds
 M - 4 potions of magic
 U - 3 potions of ambrosia
Comestibles
 c - 24 rations


   Skills:
 + Level 15.5 Fighting
 * Level 22.6 Axes
 + Level 15.3 Armour
 + Level 14.2 Dodging


You had 16 spell levels left.
You didn't know any spells.
Your spell library was empty.

Dungeon Overview and Level Annotations

Branches:
Dungeon (15/15)            Temple (0/1) D:5            Lair (6/6) D:9
  Swamp (4/4) Lair:4        Snake (3/4) Lair:2        Slime (0/5) Lair:5
    Orc (2/2) D:9             Elf (0/3) Orc:2        Vaults (0/5) D:14
 Depths (0/5) D:15         Bailey (visited)         Gauntlet (visited)

Altars:
Dithmenos
Gozag
Hepliaklqana
Okawaru
Qazlal
Ru
Sif Muna
Trog
Vehumet
Wu Jian
Xom
Yredelemnul
Beogh
Jiyva

Shops:
D:5 (   D:6 [   D:9 ?   D:11 *   D:13 *   D:14 *   Orc:2 *(**

Annotations:
Lair:3 exclusion: oklob plant
Lair:6 1 runed translucent door, Fafes's ghost, journeyman DrFE
Orc:1 1 runed translucent door, Rachuaq's ghost, adept GnSk


Innate Abilities, Weirdness & Mutations

You reflexively headbutt those who attack you in melee.
You have a pair of horns on your head.
Your flesh is heat resistant. (rF+)
Your magical capacity is low. (-10% MP)
Your muscles are strong. (Str +2)


Message History

The shock serpent shocks you!
* * * LOW HITPOINT WARNING * * *
The naga hits you but does no damage. The naga hits you with a +0 long sword!
* * * LOW HITPOINT WARNING * * *
The naga sharpshooter unwields a +3 flail of distortion.
Its appearance distorts for a moment.
The naga sharpshooter wields a +0 shortbow.
The naga sharpshooter shoots an arrow.
The arrow hits you.
* * * LOW HITPOINT WARNING * * *
The naga mage misses you. The naga barely misses you.
The anaconda bites you but does no damage.
The anaconda constricts you.
The anaconda's grasp on you weakens, but your attempt to escape fails.
The shock serpent bites you!
* * * LOW HITPOINT WARNING * * *
The shock serpent shocks you!
* * * LOW HITPOINT WARNING * * *
The naga hits you but does no damage. The naga barely misses you.
The anaconda bites you!
You die...

. # ## # .. #.
.#.# # ...#.#
.#.#.# ......#
.....#
......S#.....#
.....N)@S....#
.....NNN†......
.....N.........
..............#
..............#
.....$........N
...............
...............


You could see a naga sharpshooter, an anaconda, a shock serpent, a naga mage
(fast) and 4 nagas.

Vanquished Creatures
  Agnes (Snake:2)
  The ghost of Dirian the Fencer, a journeyman MiFi of Okawaru (Lair:4)
  The ghost of Vufrucs the Grappler, a journeyman DrTm of Wu Jian (Lair:4)
  A minotaur (Gauntlet)
  A green death (Gauntlet)
  4 fire dragons
  Josephine (Orc:2)
  Fannar (Lair:3)
  An ice dragon (D:15)
  16 hydras
  6 naga warriors
  A catoblepas (Lair:6)
  A ghost crab (Swamp:3)
  7 alligators
  4 anacondas (Snake:1)
  A death knight (D:14)
  4 two-headed ogres
  3 shambling mangroves
  2 tengu warriors (D:14)
  A queen ant (Gauntlet)
  2 naga sharpshooters (Snake:1)
  2 shock serpents (Snake:1)
  6 hell knights (D:14)
  Nergalle (Lair:2)
  A salamander mystic (Snake:1)
  4 skeletal warriors
  A fire crab (Swamp:4)
  3 naga ritualists
  3 unseen horrors
  7 swamp dragons
  2 lindwurms (Swamp:4)
  2 necromancers (D:14)
  2 mana vipers
  A deep elf mage (D:13)
  6 ugly things (D:14)
  2 manticores
  2 salamanders (Snake:1)
  7 orc sorcerers (Orc:2)
  A cyclops (D:15)
  18 black mambas
  5 elephants (Lair:6)
  4 centaur zombies
  A guardian serpent (Lair:2)
  7 naga magi
  A molten gargoyle (Swamp:4)
  3 centaur skeletons
  2 orange demons (Gauntlet)
  17 spiny frogs
  11 komodo dragons
  A kobold demonologist (D:12)
  2 freezing wraiths (D:14)
  2 rime drakes (Lair:4)
  2 yaktaurs (shapeshifter)
  A harpy zombie (D:14)
  4 trolls
  A wind drake (Lair:6)
  9 hornets
  2 polar bears
  3 bog bodies
  6 tyrant leeches
  A hornet (shapeshifter) (D:15)
  7 blink frogs
  7 hippogriffs
  12 slime creatures
  9 dream sheep
  A hippogriff (shapeshifter) (D:14)
  A meliai zombie (D:11)
  5 flying skulls (Gauntlet)
  7 wraiths
  A vampire (D:14)
  3 wyverns
  3 spriggans
  27 yaks
  A fire bat (Swamp:4)
  2 hungry ghosts
  4 basilisks
  10 vampire mosquitoes
  A steam dragon (Swamp:4)
  A swamp worm (shapeshifter) (D:14)
  14 insubstantial wisps
  5 wargs (Orc:2)
  15 swamp worms
  16 nagas
  6 soldier ants
  7 hell hounds (D:14)
  15 water moccasins
  4 porcupines
  8 orc warriors
  12 swamp drakes
  4 phantoms
  4 sky beasts
  A hornet zombie (D:12)
  2 eyes of draining
  3 black bears
  An ice beast (D:9)
  2 ogres
  6 centaurs
  29 wolves
  23 crocodiles
  4 big kobolds
  A wyvern zombie (D:6)
  A gnoll sergeant (D:8)
  13 bullfrogs
  3 jellies
  A wyvern skeleton (D:14)
  4 scorpions
  5 killer bees (D:7)
  12 wights
  7 howler monkeys
  6 crimson imps
  A quasit (D:11)
  6 hounds
  A bullfrog zombie (D:12)
  3 bullfrog skeletons
  34 orc wizards
  4 orc priests
  8 iguanas
  7 worker ants
  A hound skeleton (D:5)
  11 adders
  6 gnolls
  4 shadow imps
  2 oozes
  An adder zombie (D:7)
  2 adder skeletons
  2 worms
  2 dart slugs
  4 leopard geckos
  85 orcs
  A ball python (D:3)
  5 giant cockroaches
  4 hobgoblins
  12 jackals
  4 kobolds
  5 quokkas
  3 bats
  4 frilled lizards
  10 goblins
  A leopard gecko zombie (D:5)
  8 rats
  3 fungi
  3 plants
  2 withered plants (Gauntlet)
801 creatures vanquished.

Vanquished Creatures (collateral kills)
  A thorn hunter (Swamp:4)
  A shambling mangrove (Swamp:4)
  3 spriggans (Swamp:4)
  A spriggan druid (Swamp:4)
  A cyclops (D:14)
  2 hornets (Swamp:4)
9 creatures vanquished.

Vanquished Creatures (others)
  A hydra (Swamp:4)
  A swamp dragon (Swamp:4)
  A fire bat (Swamp:4)
  A steam dragon (Swamp:4)
  2 swamp drakes (Swamp:4)
  An ogre (D:10)
  A centaur (D:10)
  An orc wizard (Orc:2)
  2 worker ants (D:10)
  3 briar patches (Swamp:4)
  2 fungi (Lair:5)
  5 plants
  3 withered plants
24 creatures vanquished.

Grand Total: 834 creatures vanquished

Notes
Turn   | Place    | Note
-------+----------+-------------------------------------------
     0 | D:1      | MDvedh the Minotaur Berserker began the quest for the Orb.
     0 | D:1      | Reached XP level 1. HP: 19/19 MP: 0/0
    14 | D:1      | Reached skill level 4 in Axes
    19 | D:1      | Reached XP level 2. HP: 22/26 MP: 1/1
   552 | D:2      | Reached skill level 5 in Axes
   595 | D:2      | Reached XP level 3. HP: 28/31 MP: 2/2
   672 | D:2      | Reached ** piety under Trog
   880 | D:2      | You fall into a shaft and drop 1 floor!
   932 | D:3      | Reached XP level 4. HP: 34/39 MP: 3/3
   991 | D:3      | Reached skill level 6 in Axes
  1017 | D:3      | Noticed a big kobold
  1027 | D:3      | Killed a big kobold
  1027 | D:3      | Reached skill level 7 in Axes
  1027 | D:3      | Reached XP level 5. HP: 41/45 MP: 4/4
  1363 | D:4      | Reached skill level 8 in Axes
  1498 | D:4      | Reached XP level 6. HP: 51/51 MP: 5/5
  1658 | D:4      | Reached skill level 9 in Axes
  1956 | D:4      | Reached *** piety under Trog
  2082 | D:4      | Found an iron altar of Okawaru.
  2194 | D:5      | Entered Level 5 of the Dungeon
  2219 | D:5      | Found Jalal's Weapon Boutique.
  2231 | D:5      | Bought a +1 broad axe of flaming for 142 gold pieces
  2343 | D:5      | Reached XP level 7. HP: 57/57 MP: 6/6
  2344 | D:5      | Found a staircase to the Ecumenical Temple.
  2665 | D:5      | Reached skill level 10 in Axes
  2836 | D:6      | Reached skill level 11 in Axes
  2966 | D:6      | Found Jahoe's Armour Emporium.
  2984 | D:6      | Reached XP level 8. HP: 40/64 MP: 7/7
  3333 | D:6      | Reached skill level 12 in Axes
  3471 | D:7      | Reached **** piety under Trog
  3517 | D:7      | Found a radiant altar of Vehumet.
  3626 | D:7      | Noticed a hippogriff
  3636 | D:7      | Killed a hippogriff
  3710 | D:7      | Reached skill level 13 in Axes
  3818 | D:7      | Reached XP level 9. HP: 67/70 MP: 8/8
  3845 | D:7      | Found a stormy altar of Qazlal.
  3898 | D:7      | Reached skill level 14 in Axes
  4342 | D:7      | Found a shimmering blue altar of Sif Muna.
  4874 | D:7      | Found a shimmering altar of Xom.
  4898 | D:7      | Found an opulent altar of Gozag.
  4899 | D:7      | Found an ornate altar of the Wu Jian Council.
  5444 | D:8      | Noticed a two-headed ogre
  5454 | D:8      | Killed a two-headed ogre
  5454 | D:8      | Reached skill level 5 in Fighting
  5454 | D:8      | Reached skill level 5 in Armour
  5537 | D:8      | Found a hazy altar of Hepliaklqana.
  5807 | D:8      | Reached XP level 10. HP: 79/83 MP: 9/9
  5972 | D:9      | Found a staircase to the Lair.
  5976 | D:9      | Reached skill level 5 in Dodging
  6035 | Lair:1   | Entered Level 1 of the Lair of Beasts
  6079 | Lair:1   | Reached ***** piety under Trog
  6115 | Lair:1   | Noticed a spiny frog
  6124 | Lair:1   | Killed a spiny frog
  6180 | Lair:1   | Reached skill level 15 in Axes
  6221 | Lair:1   | Noticed a spiny frog
  6235 | Lair:1   | Killed a spiny frog
  6514 | Lair:1   | Received a gift from Trog
  7212 | Lair:2   | Noticed a guardian serpent
  7213 | Lair:2   | Found a staircase to the Snake Pit.
  7222 | Lair:2   | Killed a guardian serpent
  7425 | Lair:2   | Noticed a black mamba
  7437 | Lair:2   | Killed a black mamba
  7643 | Lair:2   | Reached XP level 11. HP: 74/94 MP: 10/10
  7705 | Lair:2   | Identified 3 scrolls of acquirement
  7706 | Lair:2   | Got the +10 executioner's axe "Qayraiwo" {freeze, rC+
                  | Str+4}
  7708 | Lair:2   | Noticed Nergalle
  7716 | Lair:2   | Killed Nergalle
  7722 | Lair:2   | Got the amulet of the Good {Acrobat rPois Int+3 SInv}
  7781 | Lair:2   | Noticed a seven-headed hydra
  7790 | Lair:2   | Killed a four-headed hydra
  9250 | Lair:3   | Reached skill level 16 in Axes
  9510 | Lair:3   | Noticed Fannar
  9524 | Lair:3   | Killed Fannar
  9623 | Lair:3   | Reached skill level 10 in Fighting
  9651 | Lair:3   | Noticed an oklob plant
 10068 | Lair:4   | Noticed an eight-headed hydra
 10076 | Lair:4   | Killed a five-headed hydra
 10076 | Lair:4   | Reached XP level 12. HP: 51/106 MP: 11/11
 10520 | Lair:4   | Noticed a five-headed hydra
 10526 | Lair:4   | Killed a two-headed hydra
 10526 | Lair:4   | Reached skill level 10 in Armour
 11014 | Lair:4   | Found a runed translucent gate.
 11016 | Lair:4   | Found a runed translucent gate.
 11036 | Lair:4   | Found a runed translucent gate.
 11037 | Lair:4   | Noticed Dirian's ghost (journeyman MiFi)
 11037 | Lair:4   | Noticed Vufrucs's ghost (journeyman DrTm)
 11082 | Lair:4   | Killed Vufrucs's ghost
 11090 | Lair:4   | Killed Dirian's ghost
 11308 | Lair:5   | Found a viscous altar of Jiyva.
 11309 | Lair:5   | Found a staircase to the Slime Pits.
 11475 | Lair:5   | Reached skill level 17 in Axes
 11480 | Lair:5   | Reached skill level 10 in Dodging
 12415 | Lair:6   | Entered Level 6 of the Lair of Beasts
 12416 | Lair:6   | Noticed a seven-headed hydra
 12431 | Lair:6   | Killed a five-headed hydra
 12431 | Lair:6   | Reached XP level 13. HP: 116/116 MP: 12/12
 12462 | Lair:6   | Received a gift from Trog
 12880 | Lair:6   | Reached skill level 18 in Axes
 13008 | Lair:6   | Found a runed translucent door.
 13009 | Lair:6   | Noticed Fafes's ghost (journeyman DrFE)
 13441 | D:9      | Found a basalt altar of Yredelemnul.
 13596 | D:9      | Gained mutation: Your magical capacity is low. (-10% MP)
                  | [potion of mutation]
 13596 | D:9      | Gained mutation: Armour fits poorly on your strangely
                  | shaped body. [potion of mutation]
 13596 | D:9      | Gained mutation: You are resistant to electric shocks.
                  | (rElec) [potion of mutation]
 13597 | D:9      | Lost mutation: You are resistant to electric shocks.
                  | (rElec) [potion of mutation]
 13597 | D:9      | Lost mutation: Your magical capacity is low. (-10% MP)
                  | [potion of mutation]
 13597 | D:9      | Lost mutation: Armour fits poorly on your strangely shaped
                  | body. [potion of mutation]
 13597 | D:9      | Gained mutation: Your magical capacity is low. (-10% MP)
                  | [potion of mutation]
 13597 | D:9      | Gained mutation: Your muscles are strong. (Str +2) [potion
                  | of mutation]
 13597 | D:9      | Gained mutation: Your flesh is heat resistant. (rF+)
                  | [potion of mutation]
 13627 | D:9      | Found Kiugous's Magic Scroll Emporium.
 13658 | D:9      | Bought a scroll of acquirement for 676 gold pieces
 13658 | D:9      | Bought a scroll of teleportation for 39 gold pieces
 13658 | D:9      | Bought a scroll of blinking for 97 gold pieces
 13659 | D:9      | Got the ring of Joy {rF++ rC+ Int+2 Dex-2}
 13731 | D:6      | Bought a +0 pair of boots of running for 346 gold pieces
 13779 | D:9      | Found a bloodstained altar of Trog.
 13779 | D:9      | Found a shadowy altar of Dithmenos.
 13974 | D:9      | Found a staircase to the Orcish Mines.
 14053 | Orc:1    | Entered Level 1 of the Orcish Mines
 14056 | Orc:1    | Found a runed translucent door.
 14093 | Orc:1    | Noticed Rachuaq's ghost (adept GnSk)
 14126 | Orc:2    | Entered Level 2 of the Orcish Mines
 14135 | Orc:2    | Found a staircase to the Elven Halls.
 14146 | Orc:2    | Noticed Josephine
 14155 | Orc:2    | Killed Josephine
 14416 | Orc:2    | Reached ****** piety under Trog
 14515 | Orc:2    | Found a roughly hewn altar of Beogh.
 14953 | Orc:2    | Received a gift from Trog
 15015 | Orc:2    | Found Ciuhil's General Store.
 15034 | Orc:2    | Bought 2 potions of magic for 224 gold pieces
 15092 | Orc:2    | Found Qikeobbum's Antique Weapon Shoppe.
 15177 | Orc:2    | Found Uthruybb's Assorted Antiques.
 15191 | Orc:2    | Found Licrosutz's General Store.
 15325 | Orc:2    | Bought a potion of mutation for 112 gold pieces
 15341 | Orc:2    | Bought a scroll labeled UZORHAURAO for 35 gold pieces
 15676 | D:10     | Entered Level 10 of the Dungeon
 15948 | D:10     | Received a gift from Trog
 15948 | D:10     | Reached XP level 14. HP: 127/127 MP: 11/11
 16269 | D:11     | Found a flagged portal.
 16282 | Bailey   | Entered a bailey
 16480 | Bailey   | Got distressingly furry fire dragon scales
 16492 | Bailey   | Identified the +7 fire dragon scales "Wiuwk" {rPois rF++
                  | rC-} (You found it in a bailey)
 16606 | D:11     | Found a gate leading to a gauntlet.
 16615 | Gauntlet | Entered a Gauntlet
 16615 | Gauntlet | Found a transporter.
 16618 | Gauntlet | Found a transporter.
 16624 | Gauntlet | Found a transporter.
 16625 | Gauntlet | Found a transporter.
 16647 | Gauntlet | Reached skill level 19 in Axes
 16649 | Gauntlet | Found a transporter.
 16678 | Gauntlet | Found a transporter.
 16686 | Gauntlet | Found a transporter.
 16687 | Gauntlet | Found a transporter.
 16727 | Gauntlet | Found a transporter.
 16761 | Gauntlet | Found a transporter.
 16799 | Gauntlet | Got a pair of encrusted gloves
 16807 | Gauntlet | Found a transporter.
 16808 | Gauntlet | Identified the cursed +0 pair of gloves of Insurance
                  | {rCorr} (You found it in a Gauntlet)
 17089 | D:11     | Found Peduev's General Store.
 17883 | D:12     | Found a sacrificial altar of Ru.
 19063 | D:13     | Received a gift from Trog
 19338 | D:13     | Found a basalt altar of Yredelemnul.
 19340 | D:13     | Found Veuxto's Wicked Wares.
 20185 | D:14     | Found a gate to the Vaults.
 20194 | D:14     | Found Poyforiy's Assorted Antiques.
 20202 | D:14     | Bought a scroll of teleportation for 60 gold pieces
 20330 | D:14     | Reached skill level 20 in Axes
 20598 | D:14     | Reached XP level 15. HP: 67/137 MP: 12/12
 20976 | D:15     | Entered Level 15 of the Dungeon
 21152 | D:15     | Found a staircase to the Depths.
 21660 | Lair:4   | Found a staircase to the Swamp.
 21672 | Swamp:1  | Entered Level 1 of the Swamp
 21749 | Swamp:1  | Received a gift from Trog
 21915 | Swamp:1  | Reached skill level 21 in Axes
 21915 | Swamp:1  | Reached XP level 16. HP: 146/146 MP: 13/13
 23685 | Swamp:4  | Entered Level 4 of the Swamp
 23719 | Swamp:3  | Received a gift from Trog
 24115 | Swamp:4  | Noticed a thorn hunter
 24134 | Swamp:4  | Killed a thorn hunter
 24544 | Swamp:4  | Reached skill level 22 in Axes
 24588 | Swamp:4  | Got a decaying rune of Zot
 24826 | Snake:1  | Entered Level 1 of the Snake Pit
 24848 | Snake:1  | Reached skill level 15 in Fighting
 25229 | Snake:1  | Reached XP level 17. HP: 119/156 MP: 14/14
 25714 | Snake:1  | Reached skill level 15 in Armour
 26179 | Snake:2  | Received a gift from Trog
 26311 | Snake:2  | Noticed Agnes
 26321 | Snake:2  | Killed Agnes
 26392 | Snake:3  | HP: 4/156 [shock serpent (11)]
 26392 | Snake:3  | Mangled by an anaconda

Illustrated notes

Levels and vault maps discovered:
D:1:      grunt_arrival_lava_bath, layout_rooms
D:2:      layout_rooms, minmay_misc_feat_x
D:3:      layout_loops_ring, zin_statuary, kennysheep_generic_room_12
D:4:      layout_basic, kennysheep_mini
D:5:      layout_loops_cross, minmay_temple_entry_statues_pillars, first_ration,
          serial_shops, nicolae_shop_waterfront
D:6:      layout_cave_pools, serial_shops,
          nicolae_shop_competitors_out_of_business
D:7:      layout_layer_cave, nicolae_overflow_crystal_walls,
          gammafunk_temple_overflow_statue, lemuel_crystal_altar,
          marbit_many_paths, lemuel_round_altar
D:8:      layout_gridville, overflow_temple_1_default
D:9:      layout_roguey, old_standard_altar,
          chequers_temple_overflow_statue_of_worship, minmay_lair_entry_grove,
          david_orc_4, serial_shops, shop, hangedman_ranch
          [blue_anna_fruit_fields]
D:10:     layout_small_grid, trove_entry_hex_spiral, lemuel_flamethrower_2
D:11:     layout_long_grid, gauntlet_entry_generic, enter_bailey_3,
          serial_shops, shop
D:12:     layout_stronghold, basic_altar
D:13:     layout_long_grid, nicolae_evil_shop
D:14:     layout_basic, david_vaults_2, serial_shops, shop, serial_park_avenue1,
          minmay_rotating_lava
D:15:     grunt_enter_depths_hoard, layout_rooms, serial_shops, shop_fountains,
          minmay_parallelograms, hangedman_decor_riveting, lightli_airlock
Lair:1:   layout_hall_layers
Lair:2:   layout_chaotic_city, minmay_snake_entry_spellcaster, st_stairs_5,
          uniq_nergalle
Lair:3:   layout_loops_ring, minmay_lair_oklob_bushes, beast_lair_carwin_1,
          grunt_megastairs_4, serial_bayou_shore_b, infiniplex_staircase_pool_2,
          uniq_fannar
Lair:4:   layout_cave_pods, palyth_hydra_swamp_entry, gammafunk_ghost_cemetery,
          infiniplex_staircase_pool
Lair:5:   layout_hall_layers, slime_altar_1, lemuel_fruit_tree
Lair:6:   gammafunk_lair_ancient_temple, layout_cave_shapes,
          gammafunk_ghost_grave, grunt_forest_large_clearings
Swamp:1:  gammafunk_the_bubble [the_bubble_gammafunk_roulette],
          layout_basic_swamp, evilmike_swamp_ruin_wall, uniq_jorgrun
Swamp:2:  layout_falls_marsh, hangedman_swamp_cone, swamp_pool2
Swamp:3:  layout_falls_marsh, evilmike_swamp_ruin_house_2
Swamp:4:  swamp_fiery, layout_basic_swamp
Snake:1:  layout_gridlike, nicolae_snake_shapes
Snake:2:  layout_onion_interference, ebering_ghost_xom, uniq_agnes, uniq_donald,
          uniq_aizul, uniq_asterion
Snake:3:  layout_onion, portal_ice_cave_entry_pillars_1, minmay_shop_star
Orc:1:    layout_caves, gammafunk_ghost_grave
Orc:2:    st_orc_town, layout_caves, uniq_josephine

Skill      XL: |  1  2  3  4  5  6  7  8  9 10 11 12 13 14 15 16 17 |
---------------+----------------------------------------------------+-----
Axes           | 4 5 7 8 9 11 13 14 15 16 17 18 20 21 22 | 22.6
Fighting       | 6 8 10 11 12 13 14 15 | 15.5
Armour         | 5 7 9 11 12 13 14 15 | 15.3
Dodging        | 4 7 9 10 11 12 13 14 | 14.2

Action                   |  1- 3 |  4- 6 |  7- 9 | 10-12 | 13-15 | 16-18 || total
-------------------------+-------+-------+-------+-------+-------+-------++-------
Melee: Hand axe          |    70 |   106 |       |       |       |       ||   176
       Headbutt          |    14 |    20 |    28 |    64 |   137 |    86 ||   349
       Broad axe         |       |    11 |   207 |   381 |   689 |   397 ||  1685
Invok: Berserk           |       |       |     2 |    11 |     6 |     1 ||    20
       Trog's Hand       |       |       |       |     3 |     2 |     8 ||    13
       Brothers in Arms  |       |       |       |       |     1 |     2 ||     3
  Use: Scroll            |       |       |       |    28 |    18 |     5 ||    51
       Potion            |       |       |       |       |     8 |     1 ||     9
 Stab: Sleeping          |       |       |       |     6 |    11 |       ||    17
  Eat: Chunk             |       |     5 |    13 |    16 |    16 |       ||    50
       Ration            |       |       |     3 |     5 |     7 |     5 ||    20
Armor: Animal skin       |     4 |       |       |       |       |       ||     4
       Chain mail        |    19 |    62 |    40 |       |       |       ||   121
       Plate armour      |       |       |   103 |    63 |       |       ||   166
       Shadow dragon sca |       |       |       |   106 |   115 |       ||   221
       Fire dragon scale |       |       |       |       |   137 |   236 ||   373
Dodge: Dodged            |    44 |    51 |    89 |   196 |   459 |   426 ||  1265
